[Event "Team 45 45 League T41"]
[Site "Internet Chess Club"]
[Date "2009.05.16"]
[Round "3"]
[White "budugu"]
[Black "Beancounter"]
[Result "1-0"]
[WhiteElo "1587"]
[BlackElo "1670"]
[Opening "Ruy Lopez: Marshall, main line, 12.d2d4"]
[ECO "C89"]
[Time "14:03:35"]
[TimeControl "2700+45"]

1. e4 e5 2. Nf3 Nc6 3. Bb5 a6 4. Ba4 Nf6 5. O-O Be7 6. Re1 b5 7. Bb3 O-O 8. c3
d5 9. exd5 Nxd5 10. Nxe5 Nxe5 11. Rxe5 c6 12. d4 Bd6 13. Bg5 f6 14. Rxd5 cxd5
15. Bxd5+ Kh8 16. Bxa8 fxg5 17. Nd2 g4 18. g3 h5 19. f3 h4 20. f4 hxg3 21. hxg3
g5 22. Ne4 gxf4 23. Nxd6 Qxd6 24. gxf4 Qxf4 25. Qe1 g3 26. Qe5+ Qxe5 27. dxe5
Rf2 28. Rf1 Rxb2 29. Rf8+ Kg7 30. Rxc8 Rxa2 31. e6 Kf6 32. Bd5 Re2 33. Rf8+ Ke7
34. Rf7+ Kd8 35. Ra7 Re5 36. c4 bxc4 37. Bxc4 a5 38. Kg2 Rc5 39. Bb3 Rc3 40. e7+
{Black resigns} 1-0